 Dungeon Crawl Stone Soup version 0.17-a0-1646-geb1493d (console) character file.

196 Monkaria the Conjurer (level 5, 0/28 HPs)
             Began as a Deep Elf Conjurer on Aug 11, 2015.
             Slain by an orc wizard
             ... wielding a +0 dagger
              (3 damage)
             ... on level 4 of the Dungeon.
             The game lasted 00:03:43 (2777 turns).

Monkaria the Conjurer (Deep Elf Conjurer)           Turns: 2777, Time: 00:03:44

Health: 0/28       AC:  4    Str:  4 (5)  XL:     5   Next: 45%
Magic:  2/11       EV: 13    Int: 21      God:
Gold:   194        SH:  0    Dex: 15      Spells: 2 memorised, 7 levels left

rFire  . . .     SeeInvis .     (no weapon)
rCold  . . .     Clarity  .     a - +0 robe
rNeg   . . .     SustAt   +     (no shield)
rPois  .         Gourm    .     k - +2 hat
rElec  .         Spirit   .     (no cloak)
rCorr  .         Warding  .     (no gloves)
rMut   .         Stasis   .     (no boots)
MR     .....                    (no amulet)
Stlth  ++........               (no ring)
                                l - ring of sustain attributes

@: hasted, very quick, not resistant to hostile enchantments, unstealthy
A: no striking features
a: no special abilities


You were on level 4 of the Dungeon.
You were hungry.

You visited 1 branch of the dungeon, and saw 4 of its levels.

You collected 194 gold pieces.

Inventory:

Missiles
 u - 15 poisoned needles
Armour
 a - a +0 robe (worn)
 k - a +2 hat (worn)
Jewellery
 l - a ring of sustain attributes (left hand)
 n - an uncursed ring of fire
 t - an uncursed ring of fire
Scrolls
 d - a scroll of enchant armour {unknown}
 e - 5 scrolls of identify {unknown}
 f - 2 scrolls of remove curse {unknown}
 g - 4 scrolls of recharging {unknown}
 i - a scroll of amnesia {unknown}
 r - a scroll of immolation {unknown}
 s - 2 scrolls of magic mapping {unknown}
 w - a scroll of teleportation {unknown}
Potions
 p - a potion of poison {unknown}
Books
 b - a book of Conjurations

   Spells                             Type                      Level
   a - Magic Dart                     Conjuration                  1
   b - Searing Ray                    Conjuration                  2
   c - Dazzling Spray                 Conjuration/Hexes            3
   d - Fulminant Prism                Conjuration/Hexes            4
   e - Iskenderun's Mystic Blast      Conjuration                  4
   f - Iskenderun's Battlesphere      Conjuration/Charms           5
 o - a book of the Sky

   Spells                             Type                      Level
   a - Summon Lightning Spire         Summoning/Air                4
   b - Airstrike                      Air                          4
   c - Silence                        Hexes/Air                    5
   d - Deflect Missiles               Charms/Air                   6
   e - Conjure Ball Lightning         Conjuration/Air              6
   f - Tornado                        Air                          9
Comestibles
 c - 2 bread rations
 h - 2 meat rations
 q - 17 fruits
 v - 2 chunks of flesh


   Skills:
 - Level 2.4 Dodging
 - Level 2.4 Stealth
 - Level 3.0 Spellcasting
 + Level 7.4 Conjurations


You had 7 spell levels left.
You knew the following spells:

 Your Spells              Type           Power        Failure   Level  Hunger
a - Magic Dart            Conj           ####         1%          1    None
b - Searing Ray           Conj           ####..       1%          2    ##.....


Dungeon Overview and Level Annotations

Branches:
Dungeon (4/15)
 Temple: D:4-7

Altars:
Ashenzari
Cheibriados
The Shining One


Message History

The puff of flame misses you.
An orc wizard comes into view. It is wielding a dagger.
You feel yourself speed up.
The orc wizard shouts!
A magic dart appears from out of thin air!
The magic dart hits you!
* * * LOW HITPOINT WARNING * * *
There is a stone staircase leading up here.
Drink which item? (? for menu, Esc to quit)
It was a potion of degeneration.
There was something very wrong with that liquid.
You feel somewhat weakened. The orc wizard hits you with a dagger.
* * * LOW HITPOINT WARNING * * *
Drink which item? (? for menu, Esc to quit)
It was a potion of haste.
You feel yourself speed up.
The orc hits you from afar with a trident.
* * * LOW HITPOINT WARNING * * *
Something hits you.
You die...

.>.......#.##.##..........<....
..................##.###..[....
#........#.###.......##..###...
#######....##..#........## ##..
..#.###.##....#..## ##.
.##..##.##.#..#....# ## ..
#....##.##...##... ..
###..##.##..## #### ...
#..@......# .......o.o##.##
...###....##.## . #>..###..#
#..#.. #..# #..##..)..# ....#
#...## ##.. .)#.. ...##.


You could see an orc wizard and an orc.

Vanquished Creatures
  A jelly (D:2)
  An orc wizard (D:4)
  Terence (D:3)
  4 gnolls (D:2)
  2 adders
  2 worms (D:2)
  A giant gecko (D:4)
  2 orcs
  2 giant cockroaches
  6 goblins
  6 hobgoblins
  4 kobolds
  A quokka (D:4)
  8 bats
  A giant newt (D:1)
  6 jackals
  6 rats
54 creatures vanquished.

Notes
Turn   | Place    | Note
--------------------------------------------------------------
     0 | D:1      | Monkaria the Deep Elf Conjurer began the quest for the Orb.
     0 | D:1      | Reached XP level 1. HP: 10/10 MP: 6/6
   414 | D:1      | Reached XP level 2. HP: 15/15 MP: 5/8
   488 | D:1      | Reached skill level 5 in Conjurations
   889 | D:2      | Reached XP level 3. HP: 10/19 MP: 0/9
  1333 | D:2      | Learned a level 2 spell: Searing Ray
  1350 | D:2      | Reached skill level 6 in Conjurations
  1397 | D:2      | Reached XP level 4. HP: 15/24 MP: 0/10
  1951 | D:3      | Found a glowing golden altar of the Shining One.
  1972 | D:3      | Found a shattered altar of Ashenzari.
  2305 | D:3      | Noticed Terence
  2311 | D:3      | Killed Terence
  2311 | D:3      | Reached skill level 7 in Conjurations
  2311 | D:3      | Reached XP level 5. HP: 28/28 MP: 1/11
  2597 | D:4      | Found a snail-covered altar of Cheibriados.
  2777 | D:4      | Slain by an orc wizard

Vault maps used:
D:1:      minmay_arrival_diagonal_passages
D:3:      ashenzari_altar_1, lemuel_crystal_altar, kennysheep_flooded_box,
          minmay_door_square, guppyfry_early_lair_pool, uniq_terence
D:4:      lemuel_round_altar, lemuel_doored_altar,
          nicolae_dithmenos_shadow_blocks

Action                   |  1- 3 |  4- 6 || total
-------------------------+-------+-------++-------
Melee: Unarmed           |       |     6 ||     6
 Cast: Magic Dart        |    72 |    50 ||   122
       Searing Ray       |       |     6 ||     6
  Use: Potion            |       |     2 ||     2
  Eat: Chunk             |     1 |     4 ||     5
